 Dungeon Crawl Stone Soup version 0.29-a0-1023-g6ae1a4a2c7 (webtiles) character file.

Game seed: 12168250968965322043

30 spaghetti the Ruffian (level 3, 0/36 HPs)
             Began as a Tengu Berserker on Aug 11, 2022.
             Was a Follower of Trog.
             Slain by an adder (1 damage)
             ... on level 2 of the Dungeon.
             The game lasted 00:01:11 (1200 turns).

spaghetti the Ruffian (Tengu Berserker)             Turns: 1200, Time: 00:01:11

Health: 0/36       AC:  2    Str: 19    XL:     3   Next: 18%
Magic:  4/4        EV: 12    Int:  7    God:    Trog [*.....]
Gold:   38         SH:  0    Dex: 13    Spells: 2/2 levels left

rFire   . . .      SeeInvis .     - Unarmed
rCold   . . .      Faith    .   (no shield)
rNeg    . . .      Spirit   .   a - +0 animal skin
rPois   .          Reflect  .   (helmet restricted)
rElec   .          Harm     .   (no cloak)
rCorr   .          Rampage  .   (no gloves)
Will    .....                   (boots unavailable)
Stlth   ..........              (no amulet)
HPRegen 0.12/turn               (no ring)
MPRegen 0.09/turn               (no ring)

@: berserking (expiring), lethally poisoned (0 -> -7), very quick
A: beak, talons 3
a: Renounce Religion, Berserk


You were on level 2 of the Dungeon.
You worshipped Trog.
Trog was aware of your devotion.
You visited 1 branch of the dungeon, and saw 2 of its levels.

You collected 38 gold pieces.


Innate Abilities, Weirdness & Mutations

You have a beak for a mouth.
You have claws for feet.


   Skills:
 + Level 3.6 Fighting
 - Level 2.1 Armour
 - Level 2.1 Dodging
 + Level 4.0 Unarmed Combat


You had 2 spell levels left.
You didn't know any spells.
Your spell library was empty.

Inventory:

Missiles
 e - 9 stones (quivered) {throwing}
 i - 2 poisoned darts {throwing}
Armour
 a - a +0 animal skin (worn)
Scrolls
 b - a scroll of enchant armour {unknown}
 c - a scroll of teleportation {unknown}
 d - 3 scrolls of fog {unknown}
 g - a scroll of poison {unknown}
 h - a scroll of summoning {unknown}
 k - a scroll of torment {unknown}
Potions
 f - a potion of lignification {unknown}
 j - a potion of invisibility {unknown}
 l - a potion of heal wounds {unknown}

Dungeon Overview and Level Annotations

Branches:
Dungeon (2/15) Zot: 10784

Altars:

.... #...
####.$. .......
...!...###
.........#
.......r.######
......Sb.'....#
.......@.####.#
.........# #.#
.........# #.#
######...# #.#
#...# #.# #...#
#.# #.S.# #.#
#...# #.#######
#.....[.#


You could see an adder, a quokka, a bat and a ball python.


Message History

No target in view!
No target in view!
No target in view!
No target in view!
Things that are here:
a jackal corpse; a jackal corpse Key pressed, stopping explore.
You see here a +0 leather armour.
k - a scroll labelled TIDAIMULO 😎 HP[+1]
Your hp is fully restored (24).
l - a green potion No target in view!
You open the door.
An adder comes into view.
An adder is nearby!
An adder is nearby!
A quokka comes into view.
The adder hisses angrily.
A bat comes into view.
There is an open door here.
The adder closely misses you.
You hit the adder. The adder bites you. 😕 HP[-1]
You take 1 damage, and now have 23/24 hp.
You miss the adder. The adder bites you but does no damage.
The bat barely misses you. The quokka bites you. 😕 HP[-3]
You take 3 damage, and now have 20/24 hp.
You are too injured to fight recklessly!
You are too injured to fight recklessly!
You are too injured to fight recklessly!
You are too injured to fight recklessly!
You are too injured to fight recklessly!
You are too injured to fight recklessly!
You are too injured to fight recklessly!
You are too injured to fight recklessly!
You are too injured to fight recklessly!
You are too injured to fight recklessly!
You are too injured to fight recklessly!
You are too injured to fight recklessly!
You are too injured to fight recklessly!
You are too injured to fight recklessly!
You are too injured to fight recklessly!
Unknown command.
A red film seems to cover your vision as you go berserk!
You feel yourself moving faster!
You feel mighty! The bat hits you. The adder barely misses you.
The quokka bites you.
The adder bites you but does no damage. 😮 HP[+6]
You now have 36 max hp (+12).
You regained 6 hp, and now have 26/36 hp.
You barely miss the adder. Your kick misses the adder.
The bat closely misses you. The quokka bites you. 😮 HP[-4]
You take 4 damage, and now have 22/36 hp.
You completely miss the adder. Your kick misses the adder.
Your punch misses the adder. The adder closely misses you.
You miss the adder. Your kick misses the adder. Your peck misses the adder.
The bat hits you but does no damage. The quokka barely misses you.
The bat hits you but does no damage. The adder bites you.
You are poisoned.
The adder poisons you! 😮 HP[-1]
You take 1 damage, and now have 21/36 hp.
You closely miss the adder. Your peck misses the adder.
You feel sick. The bat closely misses you. The adder closely misses you.
The quokka bites you.
* * * LOW HITPOINT WARNING * * *
😨 HP[-4]
You take 4 damage, and now have 17/36 hp.
You closely miss the adder.
You feel sick. The bat barely misses you. 😨 HP[-1]
You take 1 damage, and now have 16/36 hp.
You hit the adder.
You feel sick. The adder closely misses you. The quokka bites you.
* * * LOW HITPOINT WARNING * * *
The bat closely misses you. 😨 HP[-6]
You take 6 damage, and now have 10/36 hp.
You miss the adder. Your kick misses the adder. The bat hits you.
* * * LOW HITPOINT WARNING * * *
The adder bites you.
* * * LOW HITPOINT WARNING * * *
You are lethally poisoned!
The adder poisons you! The quokka bites you.
* * * LOW HITPOINT WARNING * * *
😱 HP[-5]
You take 5 damage, and now have 5/36 hp.
Unknown command.
You closely miss the adder. Your kick misses the adder.
* * * LOW HITPOINT WARNING * * *
You feel sick. The bat hits you.
* * * LOW HITPOINT WARNING * * *
The adder misses you. The quokka misses you.
A ball python comes into view.
* * * LOW HITPOINT WARNING * * *
You feel sick.
The ball python hisses angrily.
The adder bites you.
You die...

Skill      XL: |  1  2  3 |
---------------+----------+-----
Unarmed Combat | 4 |  4.0
Fighting       | |  3.6
Armour         | |  2.1
Dodging        | |  2.1

Action                   || total
-------------------------++-------
Melee: Unarmed           ||    42
       Kick              ||     6
       Peck              ||     4
       Punch             ||     1
Invok: Berserk           ||     3
 Stab: Sleeping          ||     1
Armor: Animal skin       ||    10
Dodge: Dodged            ||    34

Levels and vault maps discovered:
D:1:      dpeg_arrival_pits, layout_basic
D:2:      layout_basic, kennysheep_generic_room_7, uniq_terence

Notes
Turn   | Place    | Note
-------+----------+-------------------------------------------
     0 | D:1      | spaghetti the Tengu Berserker began the quest for the Orb.
     0 | D:1      | Reached XP level 1. HP: 14/14 MP: 2/2
     0 | D:1      | magus.rc [v1.9.6]
   134 | D:1      | Reached XP level 2. HP: 19/19 MP: 3/3
   993 | D:2      | Reached XP level 3. HP: 23/23 MP: 4/4
   994 | D:2      | Reached skill level 4 in Unarmed Combat
  1198 | D:2      | HP: 9/36 [bat (1)]
  1199 | D:2      | HP: 3/36 [poisoned by an adder]
  1200 | D:2      | HP: 1/36 [poisoned by an adder]
  1200 | D:2      | Slain by an adder

Vanquished Creatures
  An adder (D:2)
  3 ball pythons
  2 goblins (D:1)
  A hobgoblin (D:1)
  3 jackals (D:2)
  2 kobolds
  A quokka (D:2)
  2 bats (D:1)
  3 frilled lizards
  2 rats (D:2)
20 creatures vanquished.

Table legend:
 A = Non-vault XP
 B = Vault XP
 C = Vault XP percentage of total XP
 D = Non-vault monster count
 E = Vault monster count
 F = Vault count percentage of total count
                 A         B        C        D         E       F
            +---------+---------+-------+---------+---------+-------
      Total |      29 |      14 |  32.6 |      18 |       2 |  10.0
            +---------+---------+-------+---------+---------+-------
        D:1 |      16 |       0 |   0.0 |      10 |       0 |   0.0
        D:2 |      13 |      14 |  51.9 |       8 |       2 |  20.0
            +---------+---------+-------+---------+---------+-------

Illustrated notes

Table legend:
 A = Kills in this place as a percentage of kills in entire the game.
 B = Kills by you in this place as a percentage of kills by you in the entire game.
 C = Kills by friends in this place as a percentage of kills by friends in the entire game.
 D = Other kills in this place as a percentage of other kills in the entire game.
 E = Experience gained in this place as a percentage of experience gained in the entire game.
 F = Experience gained in this place divided by the number of levels of this place that you have seen.
                   A       B       C       D       E      F
               +-------+-------+-------+-------+-------+----------------------
         Total | 100.0 | 100.0 |   N/A |   N/A | 100.0 |  21.5
       Dungeon | 100.0 | 100.0 |   N/A |   N/A | 100.0 |  21.5
               +-------+-------+-------+-------+-------+----------------------

Table legend: (Time is in decaauts)
 A = Elapsed time spent in this place.
 B = Non-inter-level travel time spent in this place.
 C = Inter-level travel time spent in this place.
 D = Time resting spent in this place.
 E = Time spent auto-exploring this place.
 F = Levels seen in this place.
 G = Mean time per level.
                   A        B        C        D        E       F      G
               +--------+--------+--------+--------+--------+-----+--------+
         Total |   1214 |   1179 |     35 |      1 |   1062 |   2 |  607.0 |
       Dungeon |   1214 |   1179 |     35 |      1 |   1062 |   2 |  607.0 |
               +--------+--------+--------+--------+--------+-----+--------+

Top non-repeatable levels by time:
     D:1: 799 daAuts
     D:2: 415 daAuts
